 Dungeon Crawl Stone Soup version 0.26-a0-466-g989023bd0d (webtiles) character file.

Game seed: 8401272011974067642

86 vurker the Chiller (level 4, -10/25 HPs)
             Began as a Kobold Ice Elementalist on July 30, 2020.
             Killed by divine providence
             ... invoked by an orc priest
              (16 damage)
             ... on level 2 of the Dungeon.
             The game lasted 00:02:24 (1877 turns).

vurker the Chiller (Kobold Ice Elementalist)        Turns: 1877, Time: 00:02:24

Health: -10/25     AC:  2    Str:  5    XL:     4   Next: 78%
Magic:  3/9        EV: 15    Int: 17    God:
Gold:   76         SH:  0    Dex: 15    Spells: 5/9 levels left

rFire    . . .     SeeInvis .   d - +0 dagger
rCold    . . .     Faith    .   (shield restricted)
rNeg     . . .     Spirit   .   a - +0 robe
rPois    .         Reflect  .   (no helmet)
rElec    .         Harm     .   (no cloak)
rCorr    .                      (no gloves)
MR       .....                  (no boots)
Stlth    +++.......             (no amulet)
HPRegen  0.08/turn              (no ring)
MPRegen  0.11/turn              (no ring)

@: frozen ramparts
A: small, nightstalker 3
a: no special abilities


You were on level 2 of the Dungeon.
You visited 1 branch of the dungeon, and saw 2 of its levels.

You collected 76 gold pieces.

Inventory:

Hand Weapons
 d - a +0 dagger (weapon)
   (You took it off a kobold on level 1 of the Dungeon)
Armour
 a - a +0 robe (worn)
Scrolls
 b - a scroll of random uselessness {unknown}
 c - 2 scrolls of remove curse {unknown}
 e - 2 scrolls of noise {unknown}
 g - a scroll of blinking {unknown}
Potions
 f - a potion of magic {unknown}


   Skills:
 + Level 1.6 Fighting
 - Level 2.4 Dodging
 - Level 2.6 Stealth
 * Level 3.4 Spellcasting
 * Level 4.8 Ice Magic


You had 5 spell levels left.
You knew the following spells:

 Your Spells              Type           Power        Failure   Level
a - Freeze                Ice            ###.         2%          1
b - Frozen Ramparts       Ice            ###...       7%          3

Your spell library contained the following spells:

 Spells                   Type           Power        Failure   Level
 Ozocubu's Armour         Ice            ###.....     7%          3
 Hailstorm                Conj/Ice       ##......     52%         4
 Summon Ice Beast         Ice/Summ       ##......     52%         4


Dungeon Overview and Level Annotations

Branches:
Dungeon (2/15)

Altars:


Innate Abilities, Weirdness & Mutations

You are small and have problems with some larger weapons.
You are completely attuned to the shadows.


Message History

The wall freezes the orc.
The orc completely misses you.
Aim: an orc, wielding a +0 mace and wearing a +0 ring mail (heavily wounded)
You miscast Freeze.
You are very lightly contaminated with residual magic.
Nothing appears to happen.
The wall freezes the orc.
The orc barely misses you.
Aim: an orc, wielding a +0 mace and wearing a +0 ring mail (severely wounded)
You freeze the orc!
You kill the orc!
You can't see any susceptible monsters within range! (Use Z to cast anyway.)
The frozen ramparts melt away.
An orc comes into view.
An orc is nearby!
An orc is nearby!
Your magical contamination has completely faded away.
Things that are here:
a +0 mace; a +0 ring mail; an orc corpse An orc wizard comes into view.
It is wielding a +0 dagger.
The orc shouts!
The orc wizard moves out of view.
The orc misses you.
Aim: an orc, wearing a +0 ring mail You freeze the orc.
The orc misses you.
Aim: an orc, wearing a +0 ring mail (moderately wounded)
You freeze the orc. The orc closely misses you.
Aim: an orc, wearing a +0 ring mail (almost dead)
You freeze the orc.
You kill the orc!
A rat comes into view.
The orc wizard casts a spell at you. The magic dart hits you.
An orc priest comes into view. It is wielding a +0 hand axe.
The rat closely misses you.
You hit the orc priest but do no damage.
The orc priest closely misses you. The rat bites you.
The orc wizard mumbles some strange words.
The orc wizard seems to speed up.
The spell is quite dangerous to cast (7% risk of failure)!
Continue anyway?
The walls around you are covered in ice.
The wall freezes the orc priest.
The orc priest calls down the wrath of Beogh upon you.
Beogh smites you!
* * * LOW HITPOINT WARNING * * *
The wall freezes the rat.
You kill the rat!
Aim: an orc priest, wielding a +0 hand axe (moderately wounded)
You freeze the orc priest.
The wall freezes the orc priest.
The orc priest calls down the wrath of Beogh upon you.
Beogh smites you!
Ouch! That really hurt!
You die...

#...... #......
#...... #...... ##
#...... ..# ###'#..#
#.#### #.......
####....#####.##....
#.o@...[..).#'##....
#.#.o.....#....#..>.
# #.8...8.#....#....
#.......#.(..#....
#.......#.#.##...†
#.......#.#.##....
#.8...8.# #.##...#
#....... #......#
###....#


You could see an orc priest and an orc wizard (fast).

Vanquished Creatures
  Jessica (D:2)
  An adder (D:2)
  A worm (D:2)
  2 dart slugs
  A leopard gecko (D:1)
  2 orcs (D:2)
  2 giant cockroaches (D:1)
  6 goblins (D:1)
  6 hobgoblins
  7 bats
  A frilled lizard (D:1)
  7 kobolds
  6 rats
43 creatures vanquished.

Notes
Turn   | Place    | Note
-------+----------+-------------------------------------------
     0 | D:1      | vurker the Kobold Ice Elementalist began the quest for the
                  | Orb.
     0 | D:1      | Reached XP level 1. HP: 10/10 MP: 3/3
   162 | D:1      | Reached XP level 2. HP: 16/16 MP: 0/5
   737 | D:1      | Reached XP level 3. HP: 18/20 MP: 2/7
   854 | D:1      | Learned a level 3 spell: Frozen Ramparts
   925 | D:1      | Reached skill level 1 in Fighting
  1398 | D:2      | Noticed Jessica
  1406 | D:2      | Killed Jessica
  1406 | D:2      | Reached XP level 4. HP: 25/25 MP: 8/8
  1877 | D:2      | Killed from afar by an orc priest

Illustrated notes

Levels and vault maps discovered:
D:1:      dpeg_arrival_boxes_within_box, layout_loops_ring, minmay_tripent
D:2:      cheibrodos_pilgrimage, layout_basic, tso_oasis_becter, minitemple,
          uniq_jessica

Skill      XL: |  1  2  3 |
---------------+----------+-----
Fighting       | 1 |  1.6
Spellcasting   | 3 |  3.4
Dodging        | |  2.4
Stealth        | |  2.6
Ice Magic      | |  4.8

Action                   |  1- 3 |  4- 6 || total
-------------------------+-------+-------++-------
Melee: Unarmed           |     3 |       ||     3
       Dagger            |    33 |    16 ||    49
 Cast: Freeze            |    31 |    23 ||    54
       Frozen Ramparts   |       |     4 ||     4
 Stab: Sleeping          |     2 |       ||     2
Armor: Robe              |    11 |     4 ||    15
Dodge: Dodged            |    68 |    24 ||    92

Table legend: (Time is in decaauts)
 A = Elapsed time spent in this place.
 B = Non-inter-level travel time spent in this place.
 C = Inter-level travel time spent in this place.
 D = Time resting spent in this place.
 E = Time spent auto-exploring this place.
 F = Levels seen in this place.
 G = Mean time per level.
                   A        B        C        D        E       F      G
               +--------+--------+--------+--------+--------+-----+--------+
         Total |   1876 |   1869 |      7 |      0 |   1596 |   2 |  938.0 |
       Dungeon |   1876 |   1869 |      7 |      0 |   1596 |   2 |  938.0 |
               +--------+--------+--------+--------+--------+-----+--------+

Top non-repeatable levels by time:
     D:1: 1261 daAuts
     D:2: 614 daAuts
